 Dungeon Crawl Stone Soup version 0.29.1-2-gbd0b4ee654 (webtiles) character file.

Game seed: 198837005907096209

1330 Wilhelm1986 the Cleaver (level 8, -5/71 HPs)
             Began as a Minotaur Monk on Nov 30, 2022.
             Was a Believer of Okawaru.
             Succumbed to caleiya's ghost's poison
             ... on level 6 of the Dungeon.
             The game lasted 00:49:43 (7916 turns).

Wilhelm1986 the Cleaver (Minotaur Monk)             Turns: 7916, Time: 00:49:44

Health: -5/71      AC: 13    Str: 23    XL:     8   Next: 34%
Magic:  2/2        EV: 26    Int:  6    God:    Okawaru [**....]
Gold:   462        SH:  0    Dex: 17    Spells: 6/7 levels left

rFire   . . .      SeeInvis .   H - +3 flail (antimagic)
rCold   . . .      Faith    .   z - +0 buckler
rNeg    . . .      Spirit   .   g - +1 chain mail "Owilog" {Str+2 Dex+4}
rPois   .          Reflect  .   (helmet unavailable)
rElec   .          Harm     .   (no cloak)
rCorr   .          Rampage  .   o - +0 pair of gloves
Will    .....                   D - +0 pair of boots
Stlth   ..........              u - amulet of the acrobat
HPRegen 0.21/turn               (no ring)
MPRegen 0.08/turn               (no ring)

@: confused, lethally poisoned (-5 -> -47), ambrosia-drunk, acrobatic
A: horns 3, retaliatory headbutt, iridescent scales 1, strong 1, noise
suppression
a: Renounce Religion, Heroism


You were on level 6 of the Dungeon.
You worshipped Okawaru.
Okawaru was pleased with you.
You visited 2 branches of the dungeon, and saw 7 of its levels.

You collected 462 gold pieces.

Inventory:

Hand Weapons
 a - a +0 hand axe
 f - a +3 hand axe of flaming
 h - a +1 war axe
 q - a +2 vorpal mace
 s - a +0 dagger of holy wrath
 w - a +0 sling
 G - a +0 flail
 H - a +3 antimagic flail (weapon)
Missiles
 j - 12 boomerangs
 k - 35 stones
 F - a throwing net
Armour
 b - a +0 robe
 e - a scarf of harm
 g - the +1 chain mail "Owilog" (worn) {Str+2 Dex+4}
   (You found it on level 2 of the Dungeon)

   Str:       It affects your strength (+2).
   Dex:       It affects your dexterity (+4).
 i - a +0 ring mail
 m - a +2 ring mail of positive energy
 o - a +0 pair of gloves (worn)
 z - a +0 buckler (worn)
 D - a +0 pair of boots (worn)
Jewellery
 u - an amulet of the acrobat (around neck)
 y - an amulet of magic regeneration
Wands
 r - a wand of light (12) (quivered)
 t - a wand of flame (19)
 x - a wand of mindburst (9)
 A - a wand of charming (20)
Scrolls
 l - 3 scrolls of identify
 n - 3 scrolls of teleportation
 p - 2 scrolls of blinking
 C - 4 scrolls of amnesia
Potions
 c - a potion of ambrosia
 d - a potion of curing
 v - a potion of brilliance
 B - 2 potions of flight


   Skills:
 + Level 6.5 Fighting
 * Level 8.4 Axes
 + Level 0.0(5.1) Maces & Flails
 * Level 7.7 Dodging
 - Level 2.0 Stealth
 + Level 0.0 Invocations


You had 6 spell levels left.
You knew the following spells:

 Your Spells              Type           Power      Damage    Failure   Level
a - Magic Dart            Conj           0%         1d3       100%        1

Your spell library contained the following spells:

 Spells                   Type           Power      Damage    Failure   Level
 Beastly Appendage        Tmut           0%         N/A       100%        1
 Poisonous Vapours        Pois/Air       0%         N/A       100%        2
 Wereblood                Tmut           0%         N/A       100%        2
 Dazzling Flash           Conj/Hex       0%         N/A       100%        3
 Mephitic Cloud           Conj/Pois/Air  0%         N/A       100%        3
 Spider Form              Tmut/Pois      0%         N/A       100%        3
 Alistair's Intoxication  Tmut/Pois      0%         N/A       100%        5
 Borgnjor's Vile Clutch   Necr/Erth      0%         N/A       100%        5
 Yara's Violent Unravell  Hex/Tmut       0%         3d3       100%        5
 Eringya's Noxious Bog    Tmut/Pois      0%         N/A       100%        6
 Enfeeble                 Hex            0%         N/A       100%        7
 Call Imp                 Summ           Unusable   N/A       N/A         2

Dungeon Overview and Level Annotations

Branches:
Dungeon (6/15)             Temple (1/1) D:5

Altars:
Cheibriados
Elyvilon
Fedhas
Gozag
Hepliaklqana
Kikubaaqudgha
Makhleb
Nemelex Xobeh
Okawaru
Qazlal
Ru
Sif Muna
Trog
Uskayaw
Vehumet
Wu Jian
Xom
Yredelemnul
Zin
The Shining One

Shops:
D:2 (   D:4 =

Annotations:
D:6 caleiya's ghost, novice GrFi


Innate Abilities, Weirdness & Mutations

You have a pair of large horns on your head.
You reflexively headbutt those who attack you in melee.
You are partially covered in iridescent scales. (AC +2)
Your muscles are strong. (Str +4, Int/Dex -1)
You passively dampen the noise of your surroundings.


Message History

You feel very sick. Caleiya's ghost hits you! Caleiya's ghost hits you.
You are more poisoned.
You feel better. Caleiya's ghost closely misses you. You furiously retaliate!
You headbutt caleiya's ghost.
As you read the scroll of enchant weapon, it crumbles to dust.
Your +2 antimagic flail glows red for a moment.
Caleiya's ghost hits you but does no damage.
You are poisoned.
You are confused.
You feel invigorated.
You feel very sick. Caleiya's ghost hits you!
You are more poisoned.
You are too injured to fight recklessly!
You are too injured to fight recklessly!
You are too injured to fight recklessly!
You feel very sick.
Caleiya's ghost attacks as you move away!
Caleiya's ghost hits you!
* * * LOW HITPOINT WARNING * * *
You are lethally poisoned!
* * * LOW HITPOINT WARNING * * *
You feel extremely sick.
You bump into the rock wall.
* * * LOW HITPOINT WARNING * * *
You feel extremely sick. Caleiya's ghost hits you!
* * * LOW HITPOINT WARNING * * *
You are more poisoned.
Caleiya's ghost attacks as you move away!
Caleiya's ghost hits you but does no damage.
You are more poisoned.
* * * LOW HITPOINT WARNING * * *
You feel extremely sick.
There is an open door here.
Caleiya's ghost attacks as you move away!
Caleiya's ghost hits you but does no damage.
You are more poisoned.
You die...

.........# .........# .........#
##### ##### # .....##### #...#
####.#.#.# .#....## #...#
#..#.....# .......# #[..#
##..'...!## .......# #...#
#...'...[.#
.......#######...#####...'....###
................@'W.ZZ...#.....#.
#..........#.....#########.#.#$##
#......###.#.....# ########
#......# #.......# #......
..###### ##......# #...... ###
##...### #...... #...# ###......
#...# #........ #...## #.#....).


You could see caleiya's ghost, a centaur simulacrum and a centaur zombie.

Vanquished Creatures
  An ogre (D:4)
  A centaur (D:6)
  The ghost of Flure the Grave Robber, an amateur DsNe (D:3)
  2 phantoms (D:5)
  A bullfrog (D:6)
  A necrophage (D:6)
  A scorpion (D:4)
  A wight (D:3)
  A gnoll bouda (D:5)
  2 orc priests (D:3)
  3 hounds
  Jessica (D:3)
  Ijyb (D:3)
  5 iguanas
  An orc wizard (D:5)
  A spectral howler monkey (D:6)
  Robin (D:3)
  11 gnolls
  6 adders
  A white imp (D:5)
  2 shadow imps (D:5)
  2 ufetubi
  3 worms
  A dart slug (D:1)
  12 orcs
  6 endoplasms
  A giant cockroach (D:3)
  12 goblins
  9 hobgoblins
  5 jackals
  3 quokkas
  15 ball pythons
  9 bats
  2 frilled lizards (D:1)
  5 kobolds
  4 rats
134 creatures vanquished.

Notes
Turn   | Place    | Note
-------+----------+-------------------------------------------
     0 | D:1      | Wilhelm1986 the Minotaur Monk began the quest for the Orb.
     0 | D:1      | Reached XP level 1. HP: 19/19 MP: 0/0
   394 | D:1      | Reached XP level 2. HP: 23/27 MP: 1/1
   790 | D:1      | Learned a level 1 spell: Magic Dart
   791 | D:1      | Identified a scroll of acquirement
   791 | D:1      | Acquired a +3 hand axe of flaming
   850 | D:1      | Reached skill level 4 in Axes
  1035 | D:1      | Gained mutation: You have hidden genetic potential. [potion
                  | of mutation]
  1035 | D:1      | Gained mutation: Your muscles are strong. (Str +4, Int/Dex
                  | -1) [potion of mutation]
  1035 | D:1      | Gained mutation: You have a pair of large horns on your
                  | head. [potion of mutation]
  1140 | D:1      | Found a faded altar of an unknown god.
  1602 | D:2      | Found Uqeith's Weapon Emporium.
  1672 | D:2      | Reached XP level 3. HP: 33/33 MP: 2/2
  1676 | D:2      | Learned a level 1 spell: Magic Dart
  1803 | D:2      | Identified the +1 chain mail "Owilog" {Str+2 Dex+4}
  2049 | D:2      | Gained mutation: You passively dampen the noise of your
                  | surroundings. [hidden potential]
  2607 | D:3      | Noticed Ijyb
  2646 | D:3      | Noticed Jessica
  2649 | D:3      | Killed Ijyb
  2650 | D:3      | Reached XP level 4. HP: 26/40 MP: 3/3
  2653 | D:3      | Gained mutation: You are partially covered in iridescent
                  | scales. (AC +2) [hidden potential]
  2653 | D:3      | Lost mutation: You have hidden genetic potential. [hidden
                  | potential expressed]
  2656 | D:3      | Killed Jessica
  2667 | D:3      | Identified the +1 helmet "Xaimna" {Will++ Str-2}
  2667 | D:3      | Noticed Robin
  2678 | D:3      | Reached skill level 5 in Axes
  2681 | D:3      | Killed Robin
  2771 | D:3      | Reached XP level 5. HP: 47/47 MP: 4/4
  2784 | D:3      | Found a transporter.
  2784 | D:3      | Noticed Flure's ghost (amateur DsNe)
  2828 | D:3      | Found a transporter.
  2859 | D:3      | Killed Flure's ghost
  2860 | D:3      | Reached skill level 5 in Dodging
  2860 | D:3      | Reached XP level 6. HP: 49/55 MP: 5/5
  3378 | D:3      | Reached skill level 5 in Fighting
  3839 | D:3      | Reached skill level 6 in Axes
  4108 | D:4      | Reached XP level 7. HP: 61/61 MP: 6/6
  4651 | D:4      | Found Catameerph's Jewellery Shop.
  4884 | D:5      | Entered Level 5 of the Dungeon
  4888 | D:5      | Reached skill level 7 in Axes
  5154 | D:5      | Found a staircase to the Ecumenical Temple.
  5272 | Temple   | Entered the Ecumenical Temple
  6103 | Temple   | Became a worshipper of Warmaster Okawaru
  6103 | Temple   | Reached * piety under Okawaru
  6103 | Temple   | Reached ** piety under Okawaru
  6653 | D:5      | Reached XP level 8. HP: 68/70 MP: 7/7
  7130 | D:6      | Reached skill level 8 in Axes
  7424 | D:6      | Got the Spellbook of Unclean Malediction
  7528 | D:6      | Found a runed translucent gate.
  7528 | D:6      | Found a runed translucent gate.
  7530 | D:6      | Found a runed translucent gate.
  7533 | D:6      | Noticed caleiya's ghost (novice GrFi)
  7915 | D:6      | HP: 1/71 [poisoned by caleiya's ghost]
  7916 | D:6      | Succumbed to caleiya's ghost's poison

Illustrated notes

Levels and vault maps discovered:
D:1:      dpeg_arrival_simpleton_c, layout_loops_ring,
          hellmonk_ecumenical_altar_leap_of_faith, corexii_leaking_fountain,
          minmay_vboxes
D:2:      layout_basic, serial_shops, nicolae_shop_hallway_plus
D:3:      layout_rooms, gammafunk_ghost_arena, dk_noncrumbling_4,
          nicolae_concentric_dashed_squares_wild, grunt_ministairs_8,
          uniq_jessica, uniq_ijyb, uniq_robin
D:4:      layout_rooms, serial_shops, shop_statue
D:5:      layout_rooms, minmay_temple_entry_offerings, abandoned_shop
D:6:      layout_basic, gammafunk_ghost_necromancy, minivault_22
Temple:   mainiacjoe_temple_big_plus

Skill      XL: |  1  2  3  4  5  6  7  8 |
---------------+-------------------------+-----
Stealth        | 2 |  2.0
Axes           | 4 5 6 7 8 |  8.4
Fighting       | 4 5 6 |  6.5
Dodging        | 4 5 7 |  7.7

Action                   |  1- 3 |  4- 6 |  7- 9 || total
-------------------------+-------+-------+-------++-------
Melee: Hand axe          |   110 |    54 |    84 ||   248
       Headbutt          |     7 |    14 |    13 ||    34
       War axe           |     3 |       |       ||     3
       Punch             |     3 |       |     1 ||     4
       Mace              |       |    11 |       ||    11
       Flail             |       |       |     7 ||     7
  Use: Potion            |     4 |     3 |     3 ||    10
       Scroll            |     3 |     3 |     4 ||    10
 Stab: Sleeping          |     4 |       |       ||     4
Armor: Robe              |    10 |       |       ||    10
       Ring mail         |     7 |       |       ||     7
       Chain mail        |    26 |    44 |    68 ||   138
Dodge: Dodged            |    65 |    38 |    66 ||   169
Block: Buckler           |       |       |    10 ||    10
